 Dungeon Crawl Stone Soup version 0.28.0 (webtiles) character file.

Game seed: 17079559393340123414

485 Findor the Cleaver (level 6, 0/49 (51) HPs)
             Began as a Minotaur Berserker on Feb 9, 2022.
             Was a Believer of Trog.
             Slain by a wight (1 damage)
             ... on level 7 of the Dungeon.
             The game lasted 00:04:11 (3032 turns).

Findor the Cleaver (Minotaur Berserker)             Turns: 3032, Time: 00:04:11

HP:   0/49 (51)     AC:  5    Str: 24    XL:     6   Next: 88%
MP:   5/5           EV: 11    Int:  4    God:    Trog [**....]
Gold: 108           SH:  0    Dex:  9    Spells: 5/5 levels left

rFire   . . .      SeeInvis .   j - +0 war axe
rCold   . . .      Faith    .   (no shield)
rNeg    . . .      Spirit   .   c - +0 ring mail
rPois   .          Reflect  .   (helmet restricted)
rElec   .          Harm     .   (no cloak)
rCorr   .          Rampage  .   (no gloves)
Will    .....                   (no boots)
Stlth   ..........              (no amulet)
HPRegen 0.16/turn               (no ring)
MPRegen 0.09/turn               (no ring)

@: on berserk cooldown, slowed, studying Crossbows, lightly drained, very slow
A: horns 2, retaliatory headbutt
a: Renounce Religion, Berserk, Trog's Hand


You were on level 7 of the Dungeon.
You worshipped Trog.
Trog was pleased with you.
You visited 1 branch of the dungeon, and saw 5 of its levels.

You collected 108 gold pieces.


Innate Abilities, Weirdness & Mutations

You have a pair of horns on your head.
You reflexively headbutt those who attack you in melee.


   Skills:
 - Level 3.6 Fighting
 * Level 9.4 Axes
 - Level 2.4 Armour
 - Level 2.1 Dodging


You had 5 spell levels left.
You didn't know any spells.
Your spell library was empty.

Inventory:

Hand Weapons
 j - a +0 war axe (weapon)
   (You found it on level 2 of the Dungeon)
Missiles
 n - a throwing net (quivered) {!f}
 r - 6 poisoned darts
Armour
 c - a +0 ring mail (worn)
   (You found it on level 1 of the Dungeon)
Scrolls
 a - a scroll of immolation {unknown}
 d - 2 scrolls of teleportation {unknown}
 f - a scroll of amnesia {unknown}
 g - a scroll of torment {unknown}
 h - a scroll of vulnerability {unknown}
 k - a scroll of noise {unknown}
 l - 3 scrolls of identify {unknown}
 m - a scroll of magic mapping {unknown}
 q - a scroll of brand weapon {unknown}
Potions
 b - 2 potions of flight {unknown}
 e - a potion of heal wounds {unknown}
 i - 2 potions of degeneration {unknown}
 o - a potion of attraction {unknown}
 p - a potion of resistance {unknown}


Message History

You slash the bullfrog! The bullfrog barely misses you.
You slash the bullfrog!
You kill the bullfrog!
Trog accepts your kill.
You have reached level 6!
You slash the ice beast!
The ice beast hits you but does no damage.
You closely miss the ice beast. The ice beast barely misses you.
You barely miss the ice beast. You slice the ice beast!!
You kill the ice beast!
Trog accepts your kill.
Your Axes skill increases to level 9!
The wight closely misses you. The wight hits you with a +0 scimitar.
There is an open door, spattered with blood here.
You see here a bullfrog corpse.
You closely miss the wight. Your headbutt misses the wight.
You slash the wight! The wight barely misses you. You furiously retaliate!
You headbutt the wight. You hit the wight but do no damage.
You headbutt the wight! You hit the wight.
The wight hits you with a +0 scimitar.
* * * LOW HITPOINT WARNING * * *
The wight closely misses you. You furiously retaliate!
You headbutt the wight.
You destroy the wight!
Trog accepts your kill.
You slice the wight!!
You destroy the wight!
Trog accepts your kill.
There is an entrance to Voidino's Armour Boutique here.
You slam the door shut with a bang, pushing everything out of the way!
You feel a strong urge to attack something.
Unknown command.
You start resting.
You are no longer berserk.
You are exhausted.
You feel yourself slow down.
You start resting.
A wight opens the door.
It is wielding a +0 hand axe.
The wight hits you with a +0 hand axe!
* * * LOW HITPOINT WARNING * * *
There is an open door, spattered with blood here.
You slash the wight! The wight hits you with a +0 hand axe.
* * * LOW HITPOINT WARNING * * *
The wight hits you but does no damage.
You closely miss the wight. The wight barely misses you.
You furiously retaliate!
You headbutt the wight. The wight hits you with a +0 hand axe!
* * * LOW HITPOINT WARNING * * *
You feel drained.
You die...

##### #)z.# #@#.#
### #∩#.### .
....#+#...#####..
.................
.................
..........z......
...........).....
......Y..........
.................


You could see a wight.

Vanquished Creatures
  A black bear (D:7)
  An ice beast (D:7)
  A scorpion (D:3)
  A bullfrog (D:7)
  2 wights (D:7)
  An orc wizard (D:3)
  2 adders
  2 worms (D:2)
  A dart slug (D:3)
  4 orcs (D:3)
  8 endoplasms
  A giant cockroach (D:1)
  4 hobgoblins
  2 quokkas
  5 ball pythons
  5 bats (D:1)
  A frilled lizard (D:1)
  3 goblins
  2 kobolds
  3 rats
50 creatures vanquished.

Notes
Turn   | Place    | Note
-------+----------+-------------------------------------------
     0 | D:1      | Findor the Minotaur Berserker began the quest for the Orb.
     0 | D:1      | Reached XP level 1. HP: 19/19 MP: 0/0
   253 | D:1      | Found Plog's Assorted Antiques.
   286 | D:1      | Reached skill level 4 in Axes
   372 | D:1      | Found a faded altar of an unknown god.
   494 | D:1      | Reached XP level 2. HP: 25/26 MP: 1/1
  1126 | D:2      | Found a shimmering blue altar of Sif Muna.
  1405 | D:2      | Reached skill level 5 in Axes
  1440 | D:2      | Reached ** piety under Trog
  1443 | D:2      | Reached XP level 3. HP: 28/31 MP: 2/2
  1935 | D:2      | Found Vorextuhia's Antique Weapon Shop.
  2310 | D:3      | Reached XP level 4. HP: 31/39 MP: 3/3
  2311 | D:3      | Reached skill level 6 in Axes
  2480 | D:3      | Noticed a scorpion
  2485 | D:3      | Killed a scorpion
  2486 | D:3      | Reached skill level 7 in Axes
  2486 | D:3      | Reached XP level 5. HP: 45/45 MP: 4/4
  2996 | D:7      | Noticed an ice beast
  2996 | D:7      | Noticed a black bear
  3006 | D:7      | Found Voidino's Armour Boutique.
  3015 | D:7      | Killed a black bear
  3016 | D:7      | Reached skill level 8 in Axes
  3018 | D:7      | Reached XP level 6. HP: 45/51 MP: 5/5
  3021 | D:7      | Killed an ice beast
  3022 | D:7      | Reached skill level 9 in Axes
  3032 | D:7      | HP: 1/51 [wight (10)]
  3032 | D:7      | Slain by a wight

Levels and vault maps discovered:
D:1:      dpeg_arrival_central, layout_loops_corners,
          chequers_ecumenical_altar_lobes, serial_shops, nicolae_shop_stone
D:2:      layout_rooms, basic_altar, serial_shops, nicolae_lakefront_shop
D:3:      layout_basic
D:4:      layout_basic, nicolae_overflow_hidden_temple,
          minmay_temple_entry_statues_fountains, uniq_duvessa
D:7:      layout_rooms, serial_shops, kennysheep_mini,
          nicolae_shop_hallway_stairs, kennysheep_mini_moat,
          nicolae_ossuary_entry_giza, uniq_pikel

Action                   |  1- 3 |  4- 6 || total
-------------------------+-------+-------++-------
Melee: Hand axe          |    39 |       ||    39
       Headbutt          |     8 |     3 ||    11
       War axe           |    38 |    24 ||    62
       Punch             |     1 |       ||     1
Invok: Trog's Hand       |     1 |       ||     1
       Berserk           |       |     2 ||     2
Armor: Ring mail         |    14 |     7 ||    21
Dodge: Dodged            |    46 |    22 ||    68
